 Dungeon Crawl Stone Soup version 0.31-a0-214-gb37851dbb3 (webtiles) character file.

Game seed: 18326315221793318334

386 qw the Chopper (level 6, 0/38 HPs)
             Began as a Gargoyle Fighter on July 1, 2023.
             Slain by a lemure (4 damage)
             ... led by Pikel
             ... on level 4 of the Dungeon.
             The game lasted 00:01:49 (3442 turns).

qw the Chopper (Gargoyle Fighter)                   Turns: 3442, Time: 00:01:49

Health: 0/38       AC:  6    Str: 22    XL:     6   Next: 78%
Magic:  6/6        EV:  9    Int:  8    God:
Gold:   225        SH:  4    Dex:  9    Spells: 5/5 levels left

rFire   . . .        Y - +0 war axe (chaos)
rCold   . . .        c - +0 buckler
rNeg    + . .        b - +0 scale mail
rPois   inf          (no helmet)
rElec   +            (no cloak)
rCorr   .            p - +1 pair of gloves
SInv    .            f - +0 pair of boots
Will    .....        (no amulet) Stlth
                     (no ring)
HPRegen 0.26/turn    (no ring)
MPRegen 0.10/turn

%: no passive effects
@: corroded
A: sickness immunity, AC +4, negative energy resistance 1, electricity
resistance, torment resistance 1, petrification resistance
a: no special abilities


You were on level 4 of the Dungeon.
You visited 1 branch of the dungeon, and saw 4 of its levels.

You collected 225 gold pieces.


Innate Abilities, Weirdness & Mutations

You are immune to sickness and miasma.
Your stone body is resilient. (AC +4)
You are immune to poison.
You resist negative energy. (rN+)
You are resistant to electric shocks. (rElec)
You are resistant to unholy torment.
You are immune to petrification.


   Skills:
 - Level 4.1 Fighting
 + Level 5.6 Axes
 - Level 1.0 Throwing
 - Level 3.2 Armour
 - Level 1.1 Dodging
 - Level 3.2 Shields


You had 5 spell levels left.
You didn't know any spells.
Your spell library was empty.

Inventory:

Hand Weapons
 g - a +2 mace of holy wrath
 n - a +0 hand axe
 q - a +0 flail
 Y - a +0 war axe of chaos (weapon)
Armour
 b - a +0 scale mail (worn)
 c - a +0 buckler (worn)
 f - a +0 pair of boots (worn)
 p - a +1 pair of gloves (worn)
 r - a scarf of resistance
 s - a +0 chain mail
Scrolls
 e - a scroll of revelation {unknown}
 i - 5 scrolls of identify
Potions
 a - a potion of cancellation {unknown}
 d - a potion of might
 h - 7 potions of curing
 j - a potion of resistance
 k - 2 potions of mutation {unknown}
 l - a potion of attraction {unknown}
 m - a potion of ambrosia {unknown}
 o - a potion of degeneration {unknown}

Dungeon Overview and Level Annotations

Branches:
Dungeon (4/15)
 Temple: D:4-7

Altars:

Shops:
D:3 :

Annotations:
D:4 1 runed translucent door, Crazy Yiuf, Pikel


Message History

You hit the jelly but do no damage.
Your hands burn!
The jelly is almost dead.
You hit the lemure but do no damage.
The lemure suddenly seems more resistant.
You hit the lemure but do no damage. The lemure hits you but does no damage.
The jelly hits you but does no damage. The lemure hits you.
You hit the jelly but do no damage.
The jelly resists with some effort.
Your hands burn!
The jelly is almost dead.
You slash the lemure! You burn the lemure. You hit the lemure but do no damage.
The lemure barely misses you. The jelly hits you but does no damage.
The lemure closely misses you. The lemure barely misses you.
The jelly hits you.
You are splashed with acid!
You hit the jelly.
You kill the jelly!
You hit the lemure but do no damage. You hit Pikel but do no damage.
The lemure hits you but does no damage.
You barely miss Pikel. You closely miss the lemure. You hit the lemure.
The lemure seems to grow stronger.
You block the lemure's attack. Pikel closely misses you.
The lemure barely misses you.
You barely miss the lemure.
The lemure is lightly wounded.
You hit the lemure. Lightning courses through the lemure!
You hit Pikel but do no damage.
Pikel is poisoned.
The lemure closely misses you.
Pikel hits you with a +2 whip of freezing.
Pikel freezes you. The lemure barely misses you.
You hit the lemure.
The lemure is severely wounded.
You closely miss Pikel. You hit the lemure. You burn the lemure.
You block the lemure's attack. Pikel hits you but does no damage.
The lemure barely misses you.
You hit the lemure but do no damage.
The lemure seems to speed up.
The lemure is severely wounded.
You barely miss the lemure. You hit the lemure. You hit Pikel but do no damage.
Pikel looks as sick as possible!
You block the lemure's attack. The lemure hits you.
You die...

.#.#(#.#..###....## ###......<##
#.#.##....# ##....####..........#
.#.#..###.# ##...........)......#
#.#.#...#.###...................#
.#.#..###.##..................>.#
#.#.##...........................
.#.#.#.#...........########).....
...###......###...## ##...#.
#.#...###......5@.# #..###
#.#.#.# #......55K# #.## #
###...##........5.# #.#
.........#######..# ##.#
####....## #..# ##..# ###..# #..#
#####...# #.### ..># ##......##
## ...###...###.##### #..###
##.....


You could see Pikel (extremely poisoned) and 4 lemures.

Vanquished Creatures
  A scorpion (D:4)
  A howler monkey (D:4)
  A jelly (D:4)
  An iguana (D:4)
  A sleepcap (D:4)
  Ijyb (D:4)
  5 adders
  A worm (D:2)
  5 dart slugs
  5 orcs
  11 endoplasms
  10 giant cockroaches
  4 hobgoblins
  6 jackals
  12 kobolds
  9 quokkas
  11 ball pythons
  5 bats
  5 frilled lizards
  9 goblins
  A rat (D:1)
105 creatures vanquished.

Vanquished Creatures (collateral kills)
  A giant cockroach (D:3)
  2 quokkas (D:3)
3 creatures vanquished.

Vanquished Creatures (others)
  A ball python (D:1)
  A ball python zombie (D:3)
2 creatures vanquished.

Grand Total: 110 creatures vanquished

Notes
Turn   | Place    | Note
-------+----------+-------------------------------------------
     0 | D:1      | qw the Gargoyle Fighter began the quest for the Orb.
     0 | D:1      | Reached XP level 1. HP: 14/14 MP: 1/1
     0 | D:1      | 0 ||| qw: Version: 0.3-a-32-g5962c71
     0 | D:1      | 0 ||| qw: Game counter: 7651
     0 | D:1      | 0 ||| qw: Melee chars always use a shield: true
     0 | D:1      | 0 ||| qw: God list: Okawaru
     0 | D:1      | 0 ||| qw: Allow faded altars: false
     0 | D:1      | 0 ||| qw: Do Orc after clearing Dungeon:15 true
     0 | D:1      | 0 ||| qw: Do second Lair branch before Depths: true
     0 | D:1      | 0 ||| qw: Lair rune preference: random
     0 | D:1      | 0 ||| qw: Goals: Normal, Zot:1-4, Slime:5, God:TSO, Crypt,
                  | Tomb, Abyss, Pan, Hells, Win
     0 | D:1      | 0 ||| PLANNING D:1-11
   110 | D:1      | Reached skill level 2 in Axes
   128 | D:1      | Reached XP level 2. HP: 16/19 MP: 2/2
   188 | D:1      | 188 ||| Stepping ~*~*~tactically~*~*~ (stealth).
   285 | D:1      | 285 ||| DROPPING +0 whip.
   298 | D:1      | Reached skill level 3 in Axes
   306 | D:1      | Reached XP level 3. HP: 17/23 MP: 3/3
   915 | D:1      | 915 ||| READING scroll labelled HOAPHEBLEICO.
   916 | D:1      | 916 ||| DRINKING 3 puce potions.
   977 | D:2      | 977 ||| Stepping ~*~*~tactically~*~*~ (hiding).
  1043 | D:2      | 1043 ||| Stepping ~*~*~tactically~*~*~ (stealth).
  1046 | D:2      | 1046 ||| Stepping ~*~*~tactically~*~*~ (stealth).
  1049 | D:2      | 1049 ||| Stepping ~*~*~tactically~*~*~ (stealth).
  1084 | D:2      | Reached XP level 4. HP: 28/28 MP: 4/4
  1304 | D:2      | 1304 ||| Stepping ~*~*~tactically~*~*~ (hiding).
  1305 | D:2      | 1305 ||| Stepping ~*~*~tactically~*~*~ (hiding).
  1306 | D:2      | 1306 ||| Stepping ~*~*~tactically~*~*~ (hiding).
  1467 | D:2      | 1467 ||| Stepping ~*~*~tactically~*~*~ (stealth).
  1492 | D:2      | Reached skill level 1 in Throwing
  1513 | D:2      | 1513 ||| Stepping ~*~*~tactically~*~*~ (stealth).
  1516 | D:2      | Reached skill level 4 in Axes
  1539 | D:2      | 1539 ||| READING scroll labelled HORURGHEAFE.
  1544 | D:2      | 1544 ||| READING 3 scrolls labelled BUETEDI TANIHE.
  1545 | D:2      | 1545 ||| READING scroll labelled FUUZIUHIMI.
  1546 | D:2      | 1546 ||| READING scroll labelled FANWECS JITSO.
  1547 | D:2      | 1547 ||| READING scroll labelled ROP FYLEMO.
  1548 | D:2      | 1548 ||| READING 2 scrolls of identify.
  1548 | D:2      | 1548 ||| IDENTIFYING bubbling puce potion
  1549 | D:2      | 1549 ||| DROPPING potion of brilliance.
  1554 | D:3      | 1554 ||| PLANNING SEWER
  1641 | D:3      | Found Filuqum's Vocational Training.
  1769 | D:3      | Found a faded altar of an unknown god.
  1913 | D:3      | Reached XP level 5. HP: 30/32 MP: 5/5
  2187 | D:3      | 2187 ||| RIP SEWER
  2197 | D:3      | 2197 ||| PLANNING D:1-11
  2230 | D:3      | 2230 ||| Stepping ~*~*~tactically~*~*~ (water).
  2416 | D:3      | 2416 ||| UPGRADING to +0 pair of boots.
  2421 | D:3      | 2421 ||| UPGRADING to +0 pair of gloves.
  2426 | D:3      | 2426 ||| READING scroll labelled ZUIJUA YLIE.
  2427 | D:3      | 2427 ||| READING scroll labelled EFFUKL KIWOP.
  2428 | D:3      | 2428 ||| DRINKING 2 viscous blue potions.
  2459 | D:4      | Noticed Ijyb
  2472 | D:4      | HP: 8/32 [Ijyb/bolt of dispelling energy (12)]
  2478 | D:4      | Killed Ijyb
  2570 | D:4      | 2570 ||| Stepping ~*~*~tactically~*~*~ (stealth).
  2597 | D:4      | 2597 ||| Stepping ~*~*~tactically~*~*~ (stealth).
  2616 | D:4      | Reached skill level 5 in Axes
  2617 | D:4      | 2617 ||| Stepping ~*~*~tactically~*~*~ (stealth).
  2627 | D:4      | 2627 ||| FLEEEEING.
  2628 | D:4      | 2628 ||| FLEEEEING.
  2637 | D:4      | Reached XP level 6. HP: 15/38 MP: 6/6
  2680 | D:4      | 2680 ||| Stepping ~*~*~tactically~*~*~ (stealth).
  2738 | D:4      | 2738 ||| READING scroll of enchant armour.
  2738 | D:4      | 2738 ||| ENCHANTING +0 pair of gloves.
  2785 | D:4      | 2785 ||| Stepping ~*~*~tactically~*~*~ (stealth).
  2793 | D:4      | Reached skill level 1 in Dodging
  2816 | D:4      | 2816 ||| Stepping ~*~*~tactically~*~*~ (stealth).
  2820 | D:4      | 2820 ||| Stepping ~*~*~tactically~*~*~ (stealth).
  2821 | D:4      | 2821 ||| Stepping ~*~*~tactically~*~*~ (stealth).
  2828 | D:4      | 2828 ||| Stepping ~*~*~tactically~*~*~ (stealth).
  2830 | D:4      | 2830 ||| Stepping ~*~*~tactically~*~*~ (stealth).
  2832 | D:4      | 2832 ||| Stepping ~*~*~tactically~*~*~ (stealth).
  2893 | D:4      | 2893 ||| Stepping ~*~*~tactically~*~*~ (stealth).
  3034 | D:4      | Found a runed translucent door.
  3035 | D:4      | Noticed Crazy Yiuf
  3432 | D:4      | Noticed Pikel
  3437 | D:4      | HP: 5/38 [acid (10)]
  3442 | D:4      | Slain by a lemure

Levels and vault maps discovered:
D:1:      dpeg_arrival_simpleton_a, layout_basic, st_stairs_14,
          lemuel_flame_loot_1
D:2:      layout_basic
D:3:      layout_basic, dreamdust_ecumenical_altar_angels_and_demons,
          gup_sewer_entry_pipe, roderic_serpentine_path,
          grunt_decor_mini_mirrors, nicolae_shop_vocational
D:4:      layout_layer_cave, minmay_starry_boxes, uniq_ijyb,
          uniq_crazy_yiuf_cottage, uniq_pikel

Skill      XL: |  1  2  3  4  5  6 |
---------------+-------------------+-----
Axes           | 2 3 4 5 |  5.6
Throwing       | 1 |  1.0
Fighting       | 4 |  4.1
Dodging        | 1 |  1.1
Armour         | |  3.2
Shields        | |  3.2

Action                     |  1- 3 |  4- 6 || total
---------------------------+-------+-------++-------
  Melee: War axe           |   104 |   146 ||   250
  Throw: Javelin           |     8 |    42 ||    50
         Boomerang         |       |     5 ||     5
    Use: Scroll            |     1 |     9 ||    10
         Potion            |     1 |     1 ||     2
 Armour: Scale mail        |    46 |    86 ||   132
  Dodge: Dodged            |    44 |    72 ||   116
  Block: Buckler           |    14 |    27 ||    41

Table legend:
 A = Non-vault XP
 B = Vault XP
 C = Vault XP percentage of total XP
 D = Non-vault monster count
 E = Vault monster count
 F = Vault count percentage of total count
                 A         B        C        D         E       F
            +---------+---------+-------+---------+---------+-------
      Total |     391 |     161 |  29.2 |      91 |      17 |  15.7
            +---------+---------+-------+---------+---------+-------
        D:1 |      58 |       1 |   1.7 |      33 |       1 |   2.9
        D:2 |      66 |       0 |   0.0 |      26 |       0 |   0.0
        D:3 |      56 |      14 |  20.0 |      17 |       7 |  29.2
        D:4 |     211 |     146 |  40.9 |      15 |       9 |  37.5
            +---------+---------+-------+---------+---------+-------
